MLB
LOS ANGELES DODGERS @ SAN DIEGO PADRES
09/17/2046
 
TOP OF THE 1ST
Los Angeles Dodgers batting - Pitching for San Diego Padres : RHP Troy Baker
Pitching: RHP Troy Baker
Batting: RHB Clay Buchanan 0-0: Ball
1-0: Ball
2-0: Called Strike
2-1: Foul Ball, location: 2F
2-2: Ground out 5-3 (Groundball, 56, EV 86.2 MPH)
Batting: LHB Chris Ringwood 0-0: Ball
1-0: Fly out, F9 (Flyball, 9LM, EV 106.9 MPH)
Batting: LHB Lirak Bazhunaishvili 0-0: Fly out, F7 (Flyball, 78D, EV 98.8 MPH)
Top of the 1st over - 0 runs, 0 hits, 0 errors, 0 left on base; Los Angeles 0 - San Diego 0
BOTTOM OF THE 1ST
San Diego Padres batting - Pitching for Los Angeles Dodgers : RHP Gyu-hyun Kim
Pitching: RHP Gyu-hyun Kim
Batting: LHB Aaron LeBlanc 0-0: Ball
1-0: Fly out, F7 (Flyball, 7S, EV 83.1 MPH)
Batting: LHB Ryan Flynn Jr. 0-0: Ball
1-0: Called Strike
1-1: Ball
2-1: Ball
3-1: Foul Ball, location: 2F
3-2: Ground out 6-3 (Groundball, 6, EV 98.1 MPH)
Batting: RHB Manny Vergara 0-0: Ball
1-0: Ground out 6-3 (Groundball, 6, EV 88.1 MPH)
Bottom of the 1st over - 0 runs, 0 hits, 0 errors, 0 left on base; Los Angeles 0 - San Diego 0
TOP OF THE 2ND
Los Angeles Dodgers batting - Pitching for San Diego Padres : RHP Troy Baker
Batting: SHB Joel Baker 0-0: Called Strike
0-1: Called Strike
0-2: Ball
1-2: Ball
2-2: Ball
3-2: Foul Ball, location: 2F
3-2: Fly out, F7 (Line Drive, 7, EV 105.6 MPH)
Batting: RHB Danny Dyer 0-0: Ball
1-0: Called Strike
1-1: Called Strike
1-2: Foul Ball, location: 2F
1-2: Ground out 5-3 (Groundball, 56, EV 106.2 MPH)
Batting: RHB Tsutomu Irie 0-0: Foul Ball, location: 2F
0-1: Swinging Strike
0-2: Ball
1-2: Strikes out swinging
Top of the 2nd over - 0 runs, 0 hits, 0 errors, 0 left on base; Los Angeles 0 - San Diego 0
BOTTOM OF THE 2ND
San Diego Padres batting - Pitching for Los Angeles Dodgers : RHP Gyu-hyun Kim
Batting: LHB Mike Holt 0-0: Ball
1-0: Called Strike
1-1: Fly out, F9 (Flyball, 89M, EV 80.6 MPH)
Batting: RHB Dietmar Warmisch 0-0: Ball
1-0: Ball
2-0: Called Strike
2-1: Ball
3-1: Base on Balls
Batting: RHB Chiel Palstermans 0-0: Foul Ball, location: 2F
0-1: Foul Ball, location: 2F
0-2: Ball
1-2: Foul Ball, location: 2F
1-2: Grounds into double play, 6-4-3 (Groundball, 6, EV 103.8 MPH)
Bottom of the 2nd over - 0 runs, 0 hits, 0 errors, 0 left on base; Los Angeles 0 - San Diego 0
TOP OF THE 3RD
Los Angeles Dodgers batting - Pitching for San Diego Padres : RHP Troy Baker
Batting: LHB Dalton Silveira 0-0: Ground out 4-3 (Groundball, 4, EV 84.4 MPH)
Batting: RHB Wing-kit Bu 0-0: Foul Ball, location: 2F
0-1: Ball
1-1: Foul Ball, location: 2F
1-2: Ball
2-2: Ground out U3 (Groundball, 34S, EV 81.9 MPH)
Batting: RHB Jose Valtierra 0-0: Swinging Strike
0-1: Ground out 5-3 (Groundball, 5, EV 84.4 MPH)
Top of the 3rd over - 0 runs, 0 hits, 0 errors, 0 left on base; Los Angeles 0 - San Diego 0
BOTTOM OF THE 3RD
San Diego Padres batting - Pitching for Los Angeles Dodgers : RHP Gyu-hyun Kim
Batting: RHB Jorge Severiano 0-0: Called Strike
0-1: Foul Ball, location: 2F
0-2: Ball
1-2: Foul Ball, location: 2F
1-2: Fly out, F8 (Flyball, 78D, EV 89.4 MPH)
Pitching: RHP Adrian Serratos
Batting: SHB Rich Chavez 0-0: Fly out, F6 (Line Drive, 6M, EV 70.0 MPH)
Batting: SHB Quido van Erp 0-0: Called Strike
0-1: Hit by Pitch
Batting: LHB Aaron LeBlanc 0-0: Ball
1-0: Ball
2-0: Ball
3-0: Called Strike
3-1: Swinging Strike
3-2: Foul Ball, location: 2F
3-2: Ground out 1-3 (Groundball, 13S, EV 63.8 MPH)
Bottom of the 3rd over - 0 runs, 0 hits, 0 errors, 1 left on base; Los Angeles 0 - San Diego 0
TOP OF THE 4TH
Los Angeles Dodgers batting - Pitching for San Diego Padres : RHP Troy Baker
Batting: RHB Clay Buchanan 0-0: Called Strike
0-1: Foul Ball, location: 2F
0-2: Ground out 4-3 (Groundball, 4, EV 102.5 MPH)
Batting: LHB Chris Ringwood 0-0: Ball
1-0: Foul Ball, location: 2F
1-1: Ball
2-1: Ball
3-1: Base on Balls
Batting: LHB Lirak Bazhunaishvili 0-0: Ball
1-0: Foul Ball, location: 2F
1-1: Grounds into double play, 6-4-3 (Groundball, 6, EV 89.4 MPH)
Top of the 4th over - 0 runs, 0 hits, 0 errors, 0 left on base; Los Angeles 0 - San Diego 0
BOTTOM OF THE 4TH
San Diego Padres batting - Pitching for Los Angeles Dodgers : RHP Adrian Serratos
Batting: LHB Ryan Flynn Jr. 0-0: Ball
1-0: Swinging Strike
1-1: Swinging Strike
1-2: Ball
2-2: Ball
3-2: Base on Balls
Batting: RHB Manny Vergara 0-0: Ball
1-0: Called Strike
Ryan Flynn Jr. steals 2nd base
1-1: Swinging Strike
1-2: Foul Ball, location: 2F
1-2: SINGLE (Line Drive, 89M, EV 106.9 MPH)
Ryan Flynn Jr. to third
Batting: LHB Mike Holt 0-0: Foul Ball, location: 2F
0-1: Foul Ball, location: 2F
0-2: Foul Ball, location: 2F
0-2: Ball
1-2: Ball
2-2: Strikes out swinging
Batting: RHB Dietmar Warmisch 0-0: Ball
1-0: Foul Ball, location: 2F
1-1: Ball
2-1: Ball
3-1: Base on Balls
Manny Vergara to second
Batting: RHB Chiel Palstermans 0-0: Called Strike
0-1: Foul Ball, location: 2F
0-2: Strikes out looking
Batting: RHB Jorge Severiano 0-0: Called Strike
0-1: Foul Ball, location: 2F
0-2: Ball
1-2: Ball
2-2: Foul Ball, location: 2F
2-2: Fly out, F8 (Flyball, 8RS, EV 86.9 MPH)
Bottom of the 4th over - 0 runs, 1 hit, 0 errors, 3 left on base; Los Angeles 0 - San Diego 0
TOP OF THE 5TH
Los Angeles Dodgers batting - Pitching for San Diego Padres : RHP Troy Baker
Batting: SHB Joel Baker 0-0: Swinging Strike
0-1: Foul Ball, location: 2F
0-2: Foul Ball, location: 2F
0-2: SINGLE (Line Drive, 89S, EV 95.0 MPH)
Batting: RHB Danny Dyer 0-0: Swinging Strike
0-1: Ball
1-1: DOUBLE (Line Drive, 7LS, EV 107.5 MPH)
Joel Baker to third
Runner from 3rd tries for Home, SAFE, no throw by LF
Batting: RHB Tsutomu Irie 0-0: Swinging Strike
0-1: Ball
1-1: Swinging Strike
1-2: Foul Ball, location: 2F
1-2: Foul Ball, location: 2F
1-2: Ball
2-2: Strikes out looking
Batting: LHB Dalton Silveira 0-0: Fly out, F7 (Flyball, 7D, EV 100.0 MPH)
Runner from 2nd tags up, SAFE at 3rd with throw by LF
Batting: RHB Wing-kit Bu 0-0: Called Strike
0-1: Foul Ball, location: 2F
0-2: Strikes out swinging
Top of the 5th over - 1 run, 2 hits, 0 errors, 1 left on base; Los Angeles 1 - San Diego 0
BOTTOM OF THE 5TH
San Diego Padres batting - Pitching for Los Angeles Dodgers : RHP Adrian Serratos
Batting: SHB Rich Chavez 0-0: Ball
1-0: Foul Ball, location: 2F
1-1: Foul Ball, location: 2F
1-2: Foul Ball, location: 2F
1-2: Ball
2-2: Ball
3-2: SINGLE (Line Drive, 8LS, EV 102.5 MPH)
Batting: SHB Quido van Erp 0-0: Called Strike
0-1: Ball
1-1: SINGLE (Groundball, 3S, EV 61.9 MPH) (infield hit)
Rich Chavez to second
Pitching: RHP Andrew Coker
Batting: LHB Aaron LeBlanc 0-0: Ball
1-0: Swinging Strike
1-1: Sac Bunt to 3S - play at first, batter OUT! 3-1
Rich Chavez to third
Quido van Erp to second
Batting: LHB Ryan Flynn Jr. 0-0: Ball
1-0: Called Strike
1-1: Fly out, F9 (Flyball, 9, EV 76.2 MPH)
Batting: RHB Manny Vergara 0-0: Ball
1-0: Called Strike
1-1: SINGLE (Line Drive, 56D, EV 107.5 MPH)
Rich Chavez scores
Quido van Erp to third
Batting: LHB Mike Holt 0-0: Ball
1-0: Called Strike
1-1: Ball
2-1: Foul Ball, location: 2F
2-2: Ball
3-2: Foul Ball, location: 2F
3-2: Base on Balls
Manny Vergara to second
Batting: RHB Dietmar Warmisch 0-0: Ball
1-0: Fly out, F8 (Flyball, 89D, EV 91.2 MPH)
Bottom of the 5th over - 1 run, 3 hits, 0 errors, 3 left on base; Los Angeles 1 - San Diego 1
TOP OF THE 6TH
Los Angeles Dodgers batting - Pitching for San Diego Padres : RHP Troy Baker
Batting: RHB Jose Valtierra 0-0: Ball
1-0: Swinging Strike
1-1: Swinging Strike
1-2: Fly out, F9 (Line Drive, 9S, EV 84.4 MPH)
Batting: RHB Clay Buchanan 0-0: Foul Ball, location: 2F
0-1: Foul Ball, location: 2F
0-2: Strikes out looking
Batting: LHB Chris Ringwood 0-0: Ball
1-0: Ball
2-0: Ball
3-0: Called Strike
3-1: Called Strike
3-2: Base on Balls
Batting: LHB Lirak Bazhunaishvili 0-0: Foul Ball, location: 2F
0-1: Ball
1-1: Foul Ball, location: 2F
1-2: Ball
2-2: Strikes out swinging
Top of the 6th over - 0 runs, 0 hits, 0 errors, 1 left on base; Los Angeles 1 - San Diego 1
BOTTOM OF THE 6TH
San Diego Padres batting - Pitching for Los Angeles Dodgers : RHP Andrew Coker
Batting: RHB Chiel Palstermans 0-0: Called Strike
0-1: Ball
1-1: Ball
2-1: Swinging Strike
2-2: Fly out, F9 (Line Drive, 9LS, EV 87.5 MPH)
Batting: RHB Jorge Severiano 0-0: Ball
1-0: Foul Ball, location: 2F
1-1: Ball
2-1: Called Strike
2-2: Foul Ball, location: 2F
2-2: Strikes out looking
Batting: SHB Rich Chavez 0-0: Ball
1-0: Called Strike
1-1: Ball
2-1: SOLO HOME RUN (Flyball, 9D, EV 97.5 MPH), Distance : 379 ft
Batting: SHB Quido van Erp 0-0: Ball
1-0: Called Strike
1-1: Ball
2-1: Swinging Strike
2-2: Strikes out looking
Bottom of the 6th over - 1 run, 1 hit, 0 errors, 0 left on base; Los Angeles 1 - San Diego 2
TOP OF THE 7TH
Los Angeles Dodgers batting - Pitching for San Diego Padres : RHP Troy Baker
Batting: SHB Joel Baker 0-0: Ball
1-0: Foul Ball, location: 2F
1-1: Ball
2-1: Ball
3-1: Swinging Strike
3-2: Strikes out swinging
Batting: RHB Danny Dyer 0-0: Ball
1-0: SOLO HOME RUN (Flyball, 7D, EV 96.9 MPH), Distance : 369 ft
Pitching: RHP Raul Almonte
Batting: RHB Tsutomu Irie 0-0: Called Strike
0-1: Swinging Strike
0-2: Ball
1-2: Strikes out swinging
Batting: LHB Dalton Silveira 0-0: Fly out, F8 (Flyball, 8LS, EV 81.2 MPH)
Top of the 7th over - 1 run, 1 hit, 0 errors, 0 left on base; Los Angeles 2 - San Diego 2
BOTTOM OF THE 7TH
San Diego Padres batting - Pitching for Los Angeles Dodgers : RHP Andrew Coker
Pitching: RHP Miguel Arguello
Batting: LHB Aaron LeBlanc 0-0: Ground out 6-3 (Groundball, 6, EV 85.0 MPH)
Batting: LHB Ryan Flynn Jr. 0-0: Ball
1-0: SINGLE (Groundball, 13S, EV 68.1 MPH) (infield hit)
Batting: RHB Manny Vergara 0-0: Ball
1-0: Foul Ball, location: 2F
1-1: Foul Ball, location: 2F
1-2: Foul Ball, location: 2F
1-2: Strikes out swinging
Batting: LHB Mike Holt 0-0: Called Strike
0-1: Ball
Ryan Flynn Jr. steals 2nd base (no throw)
1-1: Swinging Strike
1-2: Ball
2-2: Ball
3-2: Base on Balls
Batting: RHB Dietmar Warmisch 0-0: Foul Ball, location: 2F
0-1: Foul Ball, location: 2F
0-2: Ball
1-2: Ball
2-2: Ball
3-2: 3-RUN HOME RUN (Flyball, 7D, EV 98.1 MPH), Distance : 381 ft
Pitching: RHP Tadatoki Yoshida
Batting: RHB Chiel Palstermans 0-0: Ball
1-0: Foul Ball, location: 2F
1-1: Foul Ball, location: 2F
1-2: Hit by Pitch
Batting: RHB Jorge Severiano 0-0: Called Strike
0-1: Ball
1-1: Swinging Strike
1-2: Strikes out looking
Bottom of the 7th over - 3 runs, 2 hits, 0 errors, 1 left on base; Los Angeles 2 - San Diego 5
TOP OF THE 8TH
Los Angeles Dodgers batting - Pitching for San Diego Padres : RHP Raul Almonte
Batting: RHB Wing-kit Bu 0-0: Ball
1-0: Called Strike
1-1: Swinging Strike
1-2: Strikes out looking
Batting: RHB Jose Valtierra 0-0: Ball
1-0: Foul Ball, location: 2F
1-1: Swinging Strike
1-2: Ball
2-2: Ground out U3 (Groundball, 34S, EV 70.0 MPH)
Batting: RHB Clay Buchanan 0-0: Ball
1-0: Swinging Strike
1-1: Foul Ball, location: 2F
1-2: Ball
2-2: Strikes out swinging, 2-3 out at first.
Top of the 8th over - 0 runs, 0 hits, 0 errors, 0 left on base; Los Angeles 2 - San Diego 5
BOTTOM OF THE 8TH
San Diego Padres batting - Pitching for Los Angeles Dodgers : RHP Tadatoki Yoshida
Batting: SHB Rich Chavez 0-0: Called Strike
0-1: Swinging Strike
0-2: Ball
1-2: Ball
2-2: Ball
3-2: Ground out 5-3 (Groundball, 56S, EV 66.2 MPH)
Batting: SHB Quido van Erp 0-0: Ball
1-0: DOUBLE (Line Drive, 7LM, EV 103.1 MPH)
Batting: LHB Aaron LeBlanc 0-0: Ball
1-0: Foul Ball, location: 2F
1-1: Ball
2-1: SINGLE (Groundball, 4D, EV 105.6 MPH)
Quido van Erp to third
Runner from 3rd tries for Home, SAFE, throw by CF to home
Aaron LeBlanc to second
Batting: LHB Ryan Flynn Jr. 0-0: Ball
1-0: Ball
2-0: Ball
3-0: SINGLE (Flyball, 8LS, EV 93.1 MPH)
Aaron LeBlanc to third
Runner from 3rd tries for Home, SAFE, throw by CF to home
Ryan Flynn Jr. to second
Batting: RHB Manny Vergara 0-0: Foul Ball, location: 2F
0-1: Ball
Wild Pitch!
Ryan Flynn Jr. to third
1-1: Ball
2-1: Ball
3-1: Ground out 3-1 (Groundball, 3D, EV 84.4 MPH)
Batting: LHB Mike Holt 0-0: Ball
1-0: Fly out, F7 (Flyball, 7D, EV 90.6 MPH)
Bottom of the 8th over - 2 runs, 3 hits, 0 errors, 1 left on base; Los Angeles 2 - San Diego 7
TOP OF THE 9TH
Los Angeles Dodgers batting - Pitching for San Diego Padres : RHP Raul Almonte
Batting: LHB Chris Ringwood 0-0: Called Strike
0-1: Foul Ball, location: 2F
0-2: Foul Ball, location: 2F
0-2: Strikes out swinging
Batting: LHB Lirak Bazhunaishvili 0-0: Ball
1-0: Ball
2-0: Swinging Strike
2-1: Fly out, F6 (Popup, 6MS, EV 66.9 MPH)
Batting: SHB Joel Baker 0-0: Ball
1-0: Ball
2-0: Fly out, F7 (Flyball, 7D, EV 100.0 MPH)
Top of the 9th over - 0 runs, 0 hits, 0 errors, 0 left on base; Los Angeles 2 - San Diego 7
Tuesday, September 13th , 2022 - OOTP Baseball 23.7 Build 88